 Dungeon Crawl Stone Soup version 0.31-a0-765-g67fe2935dc (webtiles) character file.

Game seed: 5238555011700723379

680755 Ambrosia the Hoplite (level 27, -54/214 (234) HPs) *EXPLORE*
             Began as a Naga Fighter on Sept 13, 2023.
             Was the Champion of Ru.
             Killed from afar by a hellephant (79 damage)
             ... with a blast of flame
             ... on level 6 of Gehenna on Sept 15, 2023.
             The game lasted 02:26:47 (74242 turns).

Ambrosia the Hoplite (Naga Fighter)                Turns: 74242, Time: 02:26:48

HP:   -54/214 (234) AC: 69    Str: 24      XL:     27
MP:   23/23         EV: 16    Int: 20      God:    Ru [******]
Gold: 9849          SH: 34    Dex: 19 (23) Spells: 5/26 levels left

rFire   . . .        u - +7 broad axe of Nolo Contendere {distort, *Slow +Blink rPois Dex+8}
rCold   . . .        p - +5 tower shield
rNeg    . . .        O - +14 crystal plate armour of the Old and Reckless {Harm}
rPois   +            S - +1 helmet {SInv}
rElec   .            J - +1 cloak of Starlight {*Dazzle EV+4 Stlth--}
rCorr   .            T - +0 pair of gloves {Str+3}
SInv    +            k - +1 barding of Gravitas {Int+4}
Will    ++...        x - amulet of reflection Stlth
                     t - ring of the Hare {EV+10}
HPRegen 0.55/turn    X - ring of the Tortoise {AC+8}
MPRegen 0.18/turn

%: slow self (1%), harm (+30% outgoing, +20% incoming), reflection
@: studying 2 skills, drained, unable to read, unable to drink, very slow
A: AC +9, large, see invisible, deformed body, frail 1, poison resistance,
slowness 2, spit poison 1, inability to drink after injury 2, weak-willed 1,
unskilled 2, naga tail 2, shaggy fur 1, subdued magic 3
}: 5/15 runes: decaying, slimy, silver, golden, gossamer
a: Spit Poison, Renounce Religion, Evoke Blink, Draw Out Power, Power Leap,
Apocalypse


You were on level 6 of Gehenna.
You worshipped Ru.
Ru was exalted by your worship.
You visited 13 branches of the dungeon, and saw 60 of its levels.
You also visited: Ossuary, Ice Cave, Volcano and Desolation.

You collected 12537 gold pieces.
You spent 2688 gold pieces at shops.

Inventory:

Hand Weapons
 u - the +7 broad axe of Nolo Contendere (weapon) {distort, *Slow +Blink rPois Dex+8}
   (You acquired it on level 5 of the Dungeon)

   Dex+8:     It affects your dexterity (+8).
   rPois:     It protects you from poison +Blink: It lets you blink.
   *Slow:     It may slow you when you take damage.
Armour
 k - the +1 barding of Gravitas (worn) {Int+4}
   (You acquired it on level 2 of the Dungeon)

   Int+4:     It affects your intelligence (+4).
 p - a +5 tower shield (worn)
 J - the +1 cloak of Starlight (worn) {*Dazzle EV+4 Stlth--}
   (You acquired it on level 5 of the Vaults)

   *Dazzle:   It may blind those who miss an attack against the wearer in melee
   combat.
   EV+4:      It affects your evasion (+4).
   Stlth--:   It makes you much less stealthy.
 O - the +14 crystal plate armour of the Old and Reckless (worn) {Harm}
   (You found it on level 5 of the Vaults)

   Harm:      It increases damage dealt and taken.
 S - a +1 helmet of see invisible (worn)
 T - a +0 pair of gloves of strength (worn)
Jewellery
 t - the ring of the Hare (left hand) {EV+10}
   (You found it on level 3 of the Elven Halls)

   [ring of evasion]

   EV+10:     It affects your evasion (+10).
 x - an amulet of reflection (around neck)
 X - the ring of the Tortoise (right hand) {AC+8}
   (You bought it in a shop on level 3 of the Depths)

   [ring of protection]

   AC+8:      It affects your AC (+8).
Wands
 I - a wand of digging (23)
Scrolls
 j - 11 scrolls of blinking
 l - 6 scrolls of immolation
 n - 8 scrolls of amnesia
 o - 10 scrolls of fog
 w - 7 scrolls of enchant weapon
 z - 8 scrolls of poison
 A - 5 scrolls of silence
 C - 4 scrolls of revelation
 E - 5 scrolls of fear
 F - 21 scrolls of teleportation
 L - 4 scrolls of summoning
 N - a scroll of brand weapon
 U - 2 scrolls of torment
 Z - 28 scrolls of identify
Potions
 d - 11 potions of might
 e - 10 potions of lignification
 f - 12 potions of haste
 g - 14 potions of ambrosia
 h - 24 potions of curing
 i - 11 potions of heal wounds
 s - 5 potions of invisibility
 v - 10 potions of cancellation
 B - 9 potions of berserk rage
 D - 3 potions of magic
 G - 7 potions of mutation
 H - 10 potions of brilliance
 Y - 8 potions of resistance
Miscellaneous
 c - a lightning rod (4/4)
 q - a condenser vane
 y - a figurine of a ziggurat
 M - the horn of Geryon
 Q - a box of beasts
 R - a phial of floods


   Skills:
 + Level 18.1 Fighting
 + Level 18.0 Axes
 * Level 21.7 Armour
 * Level 23.4 Shields


You had 5 spell levels left.
You knew the following spells:

 Your Spells              Type           Power      Damage    Failure   Level
a - Polar Vortex          Ice            0%         N/A       100%        9
b - Olgreb's Toxic Radia  Pois           0%         N/A       100%        4
c - Ignition              Fire           0%         3d3       100%        8

Your spell library contained the following spells:

 Spells                   Type           Power      Damage    Failure   Level
 Foxfire                  Conj/Fire      0%         2x1d4     95%         1
 Kiss of Death            Conj/Necr      0%         2d5       95%         1
 Magic Dart               Conj           0%         1d3       95%         1
 Necrotise                Necr           0%         1d4       95%         1
 Sandblast                Erth           0%         2d4       95%         1
 Shock                    Conj/Air       0%         1d3       95%         1
 Slow                     Hex            0%         N/A       95%         1
 Sting                    Tmut/Pois      0%         1d3       95%         1
 Blink                    Tloc           0%         N/A       99%         2
 Call Imp                 Summ           0%         N/A       99%         2
 Cigotuvi's Dreadful Rot  Necr/Pois/Air  0%         N/A       99%         2
 Lesser Beckoning         Tloc           0%         N/A       99%         2
 Momentum Strike          Conj/Tloc      0%         3d8       99%         2
 Passwall                 Tmut/Erth      0%         N/A       99%         2
 Poisonous Vapours        Pois/Air       0%         N/A       99%         2
 Searing Ray              Conj           0%         2d4       99%         2
 Sublimation of Blood     Necr           0%         N/A       99%         2
 Confusing Touch          Hex            0%         N/A       100%        3
 Dazzling Flash           Conj/Hex       0%         N/A       100%        3
 Frozen Ramparts          Ice            0%         1d1       100%        3
 Gell's Gravitas          Tloc           0%         N/A       100%        3
 Hailstorm                Conj/Ice       0%         3d3       100%        3
 Ignite Poison            Fire/Tmut/Pois 0%         N/A       100%        3
 Inner Flame              Hex/Fire       0%         N/A       100%        3
 Mephitic Cloud           Conj/Pois/Air  0%         N/A       100%        3
 Ozocubu's Armour         Ice            0%         N/A       100%        3
 Sigil of Binding         Hex            0%         N/A       100%        3
 Stone Arrow              Conj/Erth      0%         3d7       100%        3
 Swiftness                Air            0%         N/A       100%        3
 Teleport Other           Tloc           0%         N/A       100%        3
 Vampiric Draining        Necr           0%         2d6       100%        3
 Volatile Blastmotes      Fire/Tloc      0%         2d10      100%        3
 Airstrike                Air            0%         2d(0-16)  100%        4
 Anguish                  Hex/Necr       0%         N/A       100%        4
 Animate Armour           Summ/Erth      0%         N/A       100%        4
 Animate Dead             Necr           0%         N/A       100%        4
 Cause Fear               Hex            0%         N/A       100%        4
 Dispel Undead            Necr           0%         3d6       100%        4
 Flame Wave               Conj/Fire      0%         2d4       100%        4
 Fulminant Prism          Conj/Hex       0%         3d5       100%        4
 Iskenderun's Mystic Bla  Conj/Tloc      0%         2d3       100%        4
 Manifold Assault         Tloc           0%         N/A       100%        4
 Petrify                  Tmut/Erth      0%         N/A       100%        4
 Sticky Flame             Conj/Fire      0%         2d3       100%        4
 Summon Ice Beast         Ice/Summ       0%         N/A       100%        4
 Summon Lightning Spire   Summ/Air       0%         N/A       100%        4
 Agony                    Necr           0%         N/A       100%        5
 Fireball                 Conj/Fire      0%         3d3       100%        5
 Freezing Cloud           Conj/Ice/Air   0%         6-21      100%        5
 Irradiate                Conj/Tmut      0%         3d11      100%        5
 Iskenderun's Battlesphe  Conj           0%         2d6       100%        5
 Lee's Rapid Deconstruct  Erth           0%         3d4*      100%        5
 Metabolic Englaciation   Hex/Ice        0%         N/A       100%        5
 Silence                  Hex/Air        0%         N/A       100%        5
 Summon Forest            Summ/Tloc      0%         N/A       100%        5
 Summon Mana Viper        Hex/Summ       0%         N/A       100%        5
 Yara's Violent Unravell  Hex/Tmut       0%         3d3       100%        5
 Conjure Ball Lightning   Conj/Air       0%         3x3d6     100%        6
 Death Channel            Necr           0%         N/A       100%        6
 Dispersal                Tloc           0%         N/A       100%        6
 Eringya's Noxious Bog    Tmut/Pois      0%         4d6       100%        6
 Plasma Beam              Fire/Air       0%         2x1d10    100%        6
 Starburst                Conj/Fire      0%         6d3       100%        6
 Enfeeble                 Hex            0%         N/A       100%        7
 Haunt                    Necr/Summ      0%         N/A       100%        7
 Malign Gateway           Summ/Tloc      0%         N/A       100%        7
 Orb of Destruction       Conj           0%         9d5       100%        7
 Ozocubu's Refrigeration  Ice            0%         4d7       100%        7
 Summon Hydra             Summ           0%         N/A       100%        7
 Discord                  Hex            0%         N/A       100%        8
 Disjunction              Tloc           0%         N/A       100%        8
 Infestation              Necr           0%         N/A       100%        8
 Maxwell's Capacitive Co  Air            0%         ∞         100%        8
 Summon Horrible Things   Summ           0%         N/A       100%        8
 Chain Lightning          Conj/Air       0%         N/A       100%        9
 Death's Door             Necr           0%         N/A       100%        9


Dungeon Overview and Level Annotations

Branches:
Dungeon (15/15) Zot: 25710  Temple (0/1) D:7            Lair (5/5) D:10 Zot: 21293
  Swamp (4/4) Lair:2 Zot: 20603  Spider (4/4) Lair:3 Zot: 18324   Slime (5/5) Lair:5 Zot: 25417
    Orc (2/2) D:9 Zot: 9600     Elf (3/3) Orc:2 Zot: 10322  Vaults (5/5) D:13 Zot: 17766
  Crypt (3/3) Vaults:3 Zot: 10829    Tomb (3/3) Crypt:3 Zot: 11601  Depths (4/4) D:15 Zot: 15560
   Hell (visited)             Dis (0/7) Hell            Geh (6/7) Hell Zot: 26951
    Coc (0/7) Hell            Tar (0/7) Hell            Zot (0/5) Depths:4
Ossuary (visited)           IceCv (visited)         Volcano (visited)
Desolation (visited)

Altars:
Ashenzari
Dithmenos
Elyvilon
Hepliaklqana
Kikubaaqudgha
Okawaru
Qazlal
Ru
Sif Muna
Trog
Uskayaw
Wu Jian
Xom
Yredelemnul
Zin
Jiyva

Shops:
D:6 [   D:10 [   Orc:2 *[=(   Elf:3 !(?   Vaults:1 :   Vaults:3 ?   Depths:1 [:
Depths:3 =

Portals:
Hell: Depths:1 Depths:2 Depths:3 Depths:4
Abyss: Depths:1 Depths:3
Pandemonium: Depths:1 Depths:2
Ziggurat: Depths:4

Annotations:
Abyss:1 Jorgrun; Josephine; Luiw's ghost, veteran HOBe; Mennas; Rupert; Urug; Zenata


Innate Abilities, Weirdness & Mutations

Your serpentine skin is tough. (AC +9)
You have supernaturally acute eyesight. (SInv)
Armour fits poorly on your strangely shaped body.
You are frail. (-10% HP)
Your system is resistant to poisons. (rPois)
You cover ground very slowly.
You can spit poison.
You sometimes lose the ability to drink potions when taking damage.
You are slightly weak-willed. (Will-)
You are unskilled. (-2 Apt)
You can use your snake-like lower body to constrict enemies.
You are covered in fur. (AC +1)
Your spells are much easier to cast, but much less powerful.


Message History

You constrict the balrug. You block the balrug's attack.
The balrug begins to attack, but is stunned by your conviction!
There are monsters nearby!
You slice the balrug like a ripe choko!!!
The balrug is almost dead.
The balrug struggles to blink free from constriction.
You constrict the balrug.
You kill the balrug!
A hellephant comes into view.
The hellephant breathes flames at you. The blast of flame hits you!!!
You redirect the hell hog's attack!
There are monsters nearby!
The hell hog breathes fire at you.
The fireball explodes!
The fireball engulfs you but does no damage.
The hellephant blinks!
The balrug begins to attack, but is stunned by your conviction!
The stoker conjures a fierce blast of wind!
The balrug is knocked back by the gust of wind.
The hell hog is knocked back by the gust of wind.
The hell hog violently stops moving!
The hell hog dies!
You are knocked back by the gust of wind.
You violently stop moving!
* * * LOW HITPOINT WARNING * * *
You feel threatened and lose the ability to drink potions!
You redirect the hellephant's attack!
The hellephant breathes flames at the hellephant.
The blast of flame hits the hellephant!!!!
The blast of flame hits the stoker.
The stoker completely resists.
The hell hog breathes fire at you.
The fireball explodes!
The fireball engulfs you!!
* * * LOW HITPOINT WARNING * * *
You focus your inner power and blind the hell hog in retribution!
The hellephant begins to attack, but is stunned by your conviction!
You redirect the hellephant's attack!
The hellephant breathes flames at you. The blast of flame hits you!!!
You die...

.....#### ..≈≈§
........###§..§§
.........#..Y.§§
................
...§.§.....n.....
...§§§..>..L....
.≈≈§§≈≈....Y.... #
§§≈§≈≈.@.†.L.... ..
§§≈§§§≈...Y....# ..#
≈§≈≈§§§).......# .....
≈≈≈§§≈†...≈§§§.##...§.
≈≈≈≈§≈..≈§§§§≈.....§§.
≈≈§§§§..§≈§§h≈..§.....
§§§§§§..§§≈≈..^....§..
≈≈≈≈2≈.≈§§§≈....v.....
≈..§§..§≈≈§).†..§....§


You could see 3 hellephants, a searing wretch, 2 stokers and a hell hog (blind,
catching breath).

Vanquished Creatures
  the Royal Jelly (Slime:5)
  An ancient lich (Crypt:3)
  3 juggernauts
  22 royal mummies
  Margery (Vaults:2)
  Saint Roka (Vaults:3)
  Frederick (Crypt:1)
  A caustic shrike (Depths:3)
  Geryon (Hell)
  Nikola (Swamp:4)
  2 golden dragons
  2 bone dragons
  Norris (Vaults:3)
  Arachne (Spider:2)
  Jory (Depths:4)
  A Tzitzimitl (Hell)
  2 doom hounds (Hell)
  5 iron giants (Geh:2)
  A Brimstone Fiend (Geh:3)
  3 hellephants
  A shard shrike zombie (Crypt:3)
  An Ice Fiend (IceCv)
  2 deep elf blademasters (Elf:3)
  7 liches
  Mlioglotl (Spider:2)
  3 deep elf master archers
  A tainted leviathan (Geh:2)
  2 quicksilver dragons
  11 acid blobs
  13 titans
  Asterion (Elf:3)
  4 searing wretches
  9 sphinxes
  7 ancient champions
  Frances (D:13)
  A draconian monk (Depths:4)
  Donald (Spider:1)
  7 shadow dragons
  4 storm dragons
  Roxanne (Spider:1)
  6 tengu reavers
  3 daevas (Depths:4)
  2 revenants
  12 fire giants
  The ghost of Lirufu the Thaumaturge, an adept GrEE of Gozag (Spider:1)
  14 azure jellies
  7 rockslimes (Slime:5)
  14 vault wardens
  2 deep elf sorcerers
  10 frost giants
  8 balrugs
  An iron dragon (Vaults:5)
  4 curse skulls
  2 imperial myrmidons (Desolation)
  A cacodemon (Hell)
  A draconian shifter (Depths:4)
  2 ghost moths (Spider:4)
  A deep elf elementalist (Elf:3)
  5 orc warlords
  3 ghouls
  3 quicksilver oozes (Slime:5)
  A spriggan defender (Depths:3)
  4 ironbound thunderhulks
  The ghost of Qikim the Earth Mage, a journeyman GrEE of Gozag (Elf:1)
  13 ironbound preservers
  22 stone giants
  3 war gargoyles
  11 vampire knights
  7 very ugly things
  4 formless jellyfish
  2 broodmothers
  3 juggernaut skeletons
  14 reapers
  A green draconian (Depths:4)
  2 lorocyprocas (Hell)
  5 dire elephants
  Azrael (D:13)
  2 yellow draconians (Depths:4)
  A black draconian (Depths:4)
  A putrid mouth (Hell)
  3 bennus (Tomb:2)
  4 deep elf annihilators
  A bunyip (Swamp:1)
  2 halazid warlocks (Desolation)
  4 deep elf demonologists (Elf:3)
  4 eleionomae
  7 spark wasps
  2 white draconians (Depths:4)
  A minotaur (Elf:1)
  13 eidola
  12 ettins
  8 jiangshi
  2 pearl dragon zombies (Depths:1)
  2 blizzard demons (Hell)
  A green death (Depths:2)
  4 crystal guardians
  6 deep elf death magi
  2 ragged hierophants (Desolation)
  12 yaktaur captains
  A quicksilver dragon zombie (Crypt:3)
  6 entropy weavers
  3 spriggan zombies
  9 great orbs of eyes
  14 fire dragons
  17 mummy priests
  3 deep elf high priests
  25 vault guards
  A rakshasa (Depths:2)
  A quicksilver dragon skeleton (Crypt:2)
  4 salamander tyrants
  2 ice dragons
  8 peacekeepers
  5 ghost crabs
  5 hydras
  6 spriggan air magi
  Erolcha (D:10)
  6 servants of whispers (Desolation)
  3 caustic shrike simulacra (IceCv)
  2 ogre magi
  Erica (D:10)
  3 spriggan skeletons
  A fenstrider witch zombie (Crypt:2)
  2 radroaches
  10 centaur warriors
  6 jorogumos
  26 dancing weapons
  2 catoblepae
  7 alligators
  3 death knights
  8 deep troll shamans
  7 boulder beetles
  6 ironbound frosthearts
  5 deep troll earth magi
  89 death scarabs
  5 death yaks (Lair:3)
  10 two-headed ogres
  11 vampire magi
  A two-headed ogre (shapeshifter) (Vaults:3)
  10 demonic crawlers
  4 spriggan berserkers
  An orc high priest (Orc:2)
  43 hell hogs
  6 hell knights
  A storm dragon zombie (Crypt:3)
  11 soul eaters
  6 tengu warriors
  13 sun demons (Hell)
  13 deep elf knights
  Nergalle (Orc:2)
  6 skysharks
  A titan skeleton (Crypt:3)
  A spectral catoblepas (Lair:4)
  A spectral death yak (Lair:4)
  2 sun moths
  18 skeletal warriors
  4 iron trolls
  A salamander mystic (Depths:3)
  A sixfirhy (Hell)
  5 pharaoh ants
  A goliath frog (Swamp:1)
  2 anaconda zombies (Crypt:3)
  A glowing orange brain (shapeshifter) (Depths:3)
  9 glowing orange brains
  A shadow demon (Tomb:1)
  44 deep trolls
  5 flayed ghosts
  3 spriggan druids
  11 orb spiders
  2 swamp dragons (Swamp:2)
  8 deep elf archers
  29 deep elf pyromancers
  5 wizards
  8 bog bodies
  19 necromancers
  19 phantasmal warriors
  A shadow dragon zombie (Crypt:3)
  12 orc knights
  21 ironbound convokers
  3 spriggan simulacra
  8 steelbarb worms
  2 wolf spider zombies (Spider:4)
  10 harpies
  3 obsidian statues
  3 lindwurms
  5 orc sorcerers
  4 alligator zombies (Swamp:4)
  17 deep elf zephyrmancers
  5 manticores
  32 ugly things
  4 salamanders (Depths:3)
  3 shining eyes
  An iron dragon zombie (Crypt:3)
  4 oklob plants (Lair:1)
  10 cyclopes
  17 wolf spiders
  4 moths of wrath
  3 apis skeletons (Depths:1)
  4 will-o-the-wisps
  16 elephants
  12 vault sentinels
  Maurice (Orc:2)
  3 rust devils (Hell)
  2 eyes of devastation
  2 ice statues (Swamp:2)
  10 molten gargoyles
  6 black mambas
  3 smoke demons
  5 centaur skeletons
  2 naga magi (D:15)
  6 large abominations (Elf:1)
  An orange demon (Depths:2)
  A gargoyle (D:13)
  An unseen horror (D:13)
  A yaktaur (shapeshifter) (Vaults:5)
  5 hellions
  9 cane toads
  A green draconian zombie (Crypt:1)
  5 torpor snails
  2 rime drakes
  A storm dragon simulacrum (Crypt:2)
  A purple draconian zombie (Crypt:1)
  A swamp worm zombie (Swamp:4)
  3 tengu conjurers
  3 redback zombies (Spider:4)
  4 ice devils
  17 freezing wraiths
  7 komodo dragons
  27 yaktaurs
  3 red devils
  4 tormentors
  35 guardian mummies
  3 tyrant leeches
  A bloated husk (Swamp:4)
  5 harpy zombies
  2 polar bears
  12 hellwings
  A meliai (shapeshifter) (Vaults:5)
  3 meliai (D:13)
  2 spectral culicivoras (Spider:4)
  A spectral jumping spider (Spider:4)
  3 spectral tarantellas (Spider:4)
  28 tarantellas
  10 trolls
  A harpy skeleton (Tomb:2)
  39 saltlings (Desolation)
  10 hornets
  A fire dragon zombie (Crypt:3)
  4 spectral swamp dragons (Swamp:4)
  A tarantella zombie (Spider:4)
  14 blink frogs
  A dream sheep (shapeshifter) (Vaults:5)
  A spectral dream sheep (Lair:4)
  5 hydra zombies
  A blink frog (shapeshifter) (D:9)
  48 slime creatures
  12 dream sheep
  3 air elementals
  18 flying skulls
  A spectral black mamba (Lair:4)
  21 jumping spiders
  A shadow (D:12)
  14 wraiths
  A ynoxinul (Depths:2)
  21 culicivoras
  11 spriggans
  10 wyverns
  A black mamba zombie (Crypt:3)
  9 water elementals
  A black mamba skeleton (Crypt:3)
  20 ushabtiu
  6 fire elementals
  4 basilisks
  32 yaks
  2 vampires (Crypt:1)
  2 fire bats (Volcano)
  2 golden eyes (Slime:3)
  2 chaos spawn (Depths:2)
  7 steam dragons
  10 vampire mosquitoes
  33 redbacks
  10 swamp worms
  An acid dragon (D:13)
  7 wargs
  3 hydra simulacra (IceCv)
  An entropy weaver zombie (Crypt:1)
  5 hell hounds
  12 water moccasins
  Duvessa (D:4)
  A deep troll skeleton (Crypt:1)
  A demonspawn skeleton (Crypt:2)
  31 orc warriors
  3 swamp drakes
  2 black bears
  6 ice beasts
  3 ettin simulacra (IceCv)
  A sky beast (D:6)
  3 swamp dragon zombies (Swamp:4)
  10 ogres
  A blink frog zombie (Crypt:1)
  A tengu (shapeshifter) (Vaults:5)
  11 centaurs
  8 wolves
  2 phantoms
  4 elf zombies
  A kobold brigand (D:9)
  A komodo dragon zombie (Crypt:1)
  15 bullfrogs
  5 scorpions
  A deep troll simulacrum (IceCv)
  4 necrophages
  6 wyvern skeletons (Crypt:3)
  Dowan (D:4)
  4 wights
  A polar bear zombie (Crypt:1)
  11 killer bees
  A lindwurm simulacrum (IceCv)
  3 electric eels
  9 howler monkeys
  A yak skeleton (Crypt:2)
  12 lava snakes
  3 human zombies (Ossuary)
  3 centaur zombies
  2 jellies
  4 hounds
  3 gnoll boudas
  23 orc priests
  A basilisk skeleton (Crypt:2)
  2 iguanas
  2 sleepcaps
  2 spectral swamp drakes (Swamp:4)
  A boggart zombie (D:15)
  5 hell rats (Hell)
  26 orc wizards
  A boggart skeleton (D:15)
  68 mummies
  8 gnolls
  A swamp drake zombie (Swamp:4)
  6 adders
  A shadow imp (D:6)
  A white imp (D:6)
  An ufetubus (D:5)
  A worm (D:5)
  3 dart slugs
  97 orcs
  A bat skeleton (Crypt:2)
  14 endoplasms
  A giant cockroach (D:4)
  8 goblins
  11 hobgoblins
  3 jackals (D:4)
  13 kobolds
  2 quokkas
  2 ball pythons
  7 bats
  7 frilled lizards
  A gnoll skeleton (Crypt:2)
  3 goblin zombies
  6 hobgoblin zombies (Ossuary)
  2 jackal zombies (Ossuary)
  11 kobold zombies (Ossuary)
  9 orc zombies (Ossuary)
  8 rats
  A creeping inferno (Geh:6)
  10 fire vortices
  A spectral weapon (Elf:3)
2468 creatures vanquished.

Vanquished Creatures (others)
  Bai Suzhen (Spider:3)
  A profane servitor (Depths:1)
  A doom hound (Hell)
  A walking frostbound tome (Depths:3)
  A sphinx (Tomb:1)
  2 acid blobs
  An azure jelly (Slime:1)
  A fenstrider witch (Swamp:1)
  2 fire giants
  A ghost moth (Spider:4)
  A deep elf sorcerer (Elf:3)
  An ironbound preserver (Vaults:5)
  A stone giant (Vaults:5)
  A caustic shrike skeleton (Depths:2)
  A draconian annihilator (Depths:4)
  A deep elf demonologist (Vaults:5)
  A deep elf annihilator (Elf:3)
  The ghost of Zoekh the Fighter, a journeyman DsCK of Xom (Lair:4)
  A spark wasp (Depths:2)
  An ettin (Depths:1)
  A deep elf death mage (Elf:3)
  A great orb of eyes (Slime:2)
  A salamander tyrant (Geh:5)
  3 vault guards (Vaults:5)
  2 hydras
  A stoker (Geh:6)
  2 hell hogs
  2 dancing weapons (Elf:2)
  A spriggan berserker (Depths:3)
  2 deep troll shamans (Depths:4)
  A skeletal warrior (Crypt:2)
  A goliath frog (Swamp:4)
  A deep troll (Vaults:5)
  2 orc knights
  A deep elf zephyrmancer (Elf:2)
  A phantasmal warrior (Depths:2)
  A will-o-the-wisp (Swamp:4)
  A molten gargoyle (Volcano)
  A dire elephant zombie (Hell)
  A black mamba (Lair:4)
  A guardian serpent (Desolation)
  A cane toad (Lair:2)
  An orange demon (Hell)
  3 yaktaurs
  A hellion (Geh:6)
  A guardian mummy (Tomb:3)
  2 bloated husks (Swamp:4)
  3 saltlings (Desolation)
  A snapping turtle (shapeshifter) (Elf:3)
  4 slime creatures
  A flying skull (Tomb:2)
  A yak (D:10)
  A vampire mosquito (D:13)
  2 swamp worms
  2 water moccasins
  An orc warrior (Orc:2)
  An ettin simulacrum (IceCv)
  A wolf (Lair:4)
  3 phantoms (Swamp:4)
  A centaur (Volcano)
  An iguana (D:4)
  2 hell rats (Hell)
  An ogre zombie (Crypt:1)
  2 creeping infernos
  18 foxfires
105 creatures vanquished.

Grand Total: 2573 creatures vanquished

Notes
Turn   | Place    | Note
-------+----------+-------------------------------------------
     0 | D:1      | Ambrosia the Naga Fighter began the quest for the Orb.
     0 | D:1      | Reached XP level 1. HP: 21/21 MP: 1/1
     0 | D:1      | Entered explore mode.
    82 | D:1      | Reached XP level 2. HP: 21/28 MP: 2/2
    86 | D:1      | Reached skill level 3 in Shields
   317 | D:1      | Found a faded altar of an unknown god.
   368 | D:1      | Reached XP level 3. HP: 18/34 MP: 3/3
  1095 | D:2      | Found a sacrificial altar of Ru.
  1112 | D:2      | Reached XP level 4. HP: 42/42 MP: 4/4
  1264 | D:2      | Identified a scroll of acquirement
  1264 | D:2      | Acquired the +1 barding of Gravitas {Int+4}
  1490 | D:2      | Became a worshipper of Ru the Awakened
  1806 | D:3      | Reached XP level 5. HP: 48/49 MP: 5/5
  2506 | D:4      | Reached skill level 4 in Shields
  2506 | D:4      | Reached XP level 6. HP: 53/57 MP: 6/6
  2539 | D:4      | Splashed by a jelly's acid (8 damage)
  2573 | D:4      | Killed by divine providence
                  | ... invoked by an orc priest
                  | (10 damage)
  2918 | D:4      | Gained mutation: You occasionally lose the ability to drink
                  | potions when taking damage. [Ru sacrifice]
  2918 | D:4      | Gained mutation: You sometimes lose the ability to drink
                  | potions when taking damage. [Ru sacrifice]
  2918 | D:4      | Reached * piety under Ru
  3016 | D:4      | Reached XP level 7. HP: 62/64 MP: 7/7
  3042 | D:4      | Noticed Dowan
  3060 | D:4      | Noticed Duvessa
  3061 | D:4      | Killed Dowan
  3070 | D:4      | Mangled by Duvessa
                  | ... wielding a +0 rapier of venom
                  | (13 damage)
  3073 | D:4      | Succumbed to Duvessa's poison
  3077 | D:4      | Slain by Duvessa
                  | ... wielding a +0 rapier of venom
                  | (16 damage)
  3078 | D:4      | Killed Duvessa
  3315 | D:4      | Reached skill level 5 in Shields
  3604 | D:5      | Entered Level 5 of the Dungeon
  3808 | D:5      | Acquired the +7 broad axe of Nolo Contendere {distort,
                  | *Slow +Blink rPois Dex+8}
  3884 | D:5      | Reached skill level 5 in Armour
  3884 | D:5      | Reached XP level 8. HP: 52/73 MP: 8/8
  4442 | D:6      | Found a stormy altar of Qazlal.
  4471 | D:6      | Noticed a hornet
  4479 | D:6      | Killed a hornet
  4480 | D:6      | Reached skill level 5 in Fighting
  4480 | D:6      | Reached skill level 6 in Shields
  4482 | D:6      | HP: 2/74 [orc priest/divine providence (15)]
  4488 | D:6      | HP: 3/74 [orc/+0 hand axe (2)]
  4736 | D:6      | Reached XP level 9. HP: 69/81 MP: 9/9
  4863 | D:6      | Reached skill level 5 in Axes
  4994 | D:6      | Found Ashekelu's Antique Armour Emporium.
  5028 | D:6      | Found an ornate altar of the Wu Jian Council.
  5029 | D:6      | Found a basalt altar of Yredelemnul.
  5029 | D:6      | Found a sacrificial altar of Ru.
  5029 | D:6      | Found a bloodstained altar of Trog.
  5030 | D:6      | Found a hazy altar of Hepliaklqana.
  5030 | D:6      | Found a shadowy altar of Dithmenos.
  5031 | D:6      | Found an iron altar of Okawaru.
  5031 | D:6      | Found a hide-covered altar of Uskayaw.
  5032 | D:6      | Found a white marble altar of Elyvilon.
  5033 | D:6      | Found a shimmering blue altar of Sif Muna.
  5033 | D:6      | Found an ancient bone altar of Kikubaaqudgha.
  5338 | D:7      | Reached skill level 7 in Shields
  5435 | D:7      | Gained mutation: You are somewhat unskilled. (-1 Apt) [Ru
                  | sacrifice]
  5435 | D:7      | Reduced skill Armour to level 5
  5435 | D:7      | Reduced skill Shields to level 6
  5435 | D:7      | Reached ** piety under Ru
  5633 | D:7      | Found a staircase to the Ecumenical Temple.
  5926 | D:8      | Found a sand-covered staircase.
  5931 | Ossuary  | Entered an ossuary
  6025 | Ossuary  | Reached skill level 5 in Axes
  6427 | D:8      | Found a hide-covered altar of Uskayaw.
  6430 | D:8      | Found a stormy altar of Qazlal.
  6430 | D:8      | Found a broken altar of Ashenzari.
  6456 | D:8      | Found a glowing silver altar of Zin.
  6456 | D:8      | Found a white marble altar of Elyvilon.
  6456 | D:8      | Found a shimmering altar of Xom.
  6640 | D:8      | Reached skill level 7 in Shields
  6829 | D:8      | Gained mutation: You are frail. (-10% HP) [Ru sacrifice]
  6829 | D:8      | Reached *** piety under Ru
  6829 | D:8      | Reached **** piety under Ru
  6910 | D:8      | Noticed a hornet
  6912 | D:8      | Killed a hornet
  6913 | D:8      | Reached XP level 10. HP: 75/81 MP: 4/10
  7417 | D:9      | Noticed a two-headed ogre
  7425 | D:9      | Killed a two-headed ogre
  7427 | D:9      | HP: 1/81 [poisoned by a two-headed ogre]
  7428 | D:9      | Succumbed to a two-headed ogre's poison
  7470 | D:9      | Noticed a boulder beetle
  7470 | D:9      | Noticed a seven-headed hydra
  7479 | D:9      | Banished an 11-headed hydra
  7480 | D:9      | Reached skill level 8 in Shields
  7480 | D:9      | Mangled by a troll (14 damage)
  7498 | D:9      | Killed a boulder beetle
  7499 | D:9      | Reached XP level 11. HP: 39/89 MP: 9/11
  7647 | D:9      | Noticed a cyclops
  7650 | D:9      | Killed a cyclops
  7664 | D:9      | Noticed a deep elf pyromancer
  7664 | D:9      | Noticed a manticore
  7672 | D:9      | Killed a manticore
  7673 | D:9      | Noticed a two-headed ogre
  7677 | D:9      | Killed a deep elf pyromancer
  7678 | D:9      | Noticed a deep elf pyromancer
  7681 | D:9      | Noticed a boulder beetle
  7681 | D:9      | Engulfed by a steam dragon's steam (11 damage)
  7683 | D:9      | Killed a two-headed ogre
  7684 | D:9      | Reached skill level 9 in Shields
  7685 | D:9      | Banished a boulder beetle
  7774 | D:9      | Killed a deep elf pyromancer
  7909 | D:9      | Upgraded the game from 0.31-a0-744-gbc345e7fcb to
                  | 0.31-a0-750-gfe7b580527
  7987 | D:9      | Found a staircase to the Orcish Mines.
  8054 | Orc:1    | Entered Level 1 of the Orcish Mines
  8054 | Orc:1    | Noticed an orc warlord
  8054 | Orc:1    | Noticed an orc knight
  8061 | Orc:1    | HP: 4/90 [orc knight/+0 halberd (31)]
  8061 | Orc:1    | Slain by an orc
                  | ... wielding a +0 trident
                  | ... led by an orc warlord
                  | (4 damage)
  8062 | Orc:1    | Noticed an orc sorcerer
  8063 | Orc:1    | Banished an orc warlord
  8070 | Orc:1    | Mangled by an ogre
                  | ... wielding a +0 giant club
                  | (16 damage)
  8072 | Orc:1    | Noticed a soul eater
  8073 | Orc:1    | Killed an orc knight
  8076 | Orc:1    | Shot with an arrow by an orc warrior (8 damage)
                  | ... led by an orc warlord
  8077 | Orc:1    | Killed an orc sorcerer
  8078 | Orc:1    | Reached XP level 12. HP: 98/98 MP: 12/12
  8242 | Orc:2    | Entered Level 2 of the Orcish Mines
  8314 | Orc:2    | Noticed Maurice
  8328 | Orc:2    | Killed Maurice
  8406 | Orc:2    | Found a staircase to the Elven Halls.
  8612 | Orc:2    | Noticed an orc warlord
  8624 | Orc:2    | Noticed Nergalle
  8627 | Orc:2    | HP: 2/98 [orc knight/+0 war axe (6)]
  8627 | Orc:2    | Slain by an orc warrior
                  | ... wielding a +0 short sword
                  | ... led by an orc warlord
                  | (3 damage)
  8629 | Orc:2    | Reached skill level 10 in Shields
  8633 | Orc:2    | Slain by a spectral orc knight
                  | ... wielding a +0 great mace
                  | ... summoned by Nergalle
                  | (7 damage)
  8639 | Orc:2    | Killed an orc warlord
  8647 | Orc:2    | Killed by divine providence
                  | ... invoked by an orc priest
                  | (14 damage)
  8652 | Orc:2    | Killed Nergalle
  8676 | Orc:2    | Noticed an orc high priest
  8685 | Orc:2    | Noticed a sun demon
  8687 | Orc:2    | Killed an orc high priest
  8694 | Orc:2    | HP: 4/99 [orc sorcerer/+0 dagger (4)]
  8694 | Orc:2    | HP: 1/99 [orc priest/+0 flail (3)]
  8695 | Orc:2    | Slain by an orc warrior
                  | ... wielding a +0 glaive
                  | (3 damage)
  8706 | Orc:2    | Found Qomnauj's Antique Armour Shoppe.
  8713 | Orc:2    | Mangled by an orc knight
                  | ... wielding a +0 great mace
                  | (22 damage)
  8749 | Orc:2    | Found Qeotues's General Store.
  8910 | Orc:2    | Noticed an ettin
  8922 | Orc:2    | Killed an ettin
  9299 | Orc:2    | Found Tykkust's Jewellery Shoppe.
  9326 | Orc:2    | Found Kaelieg's Antique Weapon Shoppe.
  9498 | Orc:1    | Noticed a two-headed ogre
  9518 | Orc:1    | Killed a two-headed ogre
  9519 | Orc:1    | Reached skill level 10 in Armour
  9787 | Orc:1    | You fall into a shaft and drop 1 floor!
  9869 | D:9      | Noticed a two-headed ogre
  9875 | D:9      | Killed a two-headed ogre
 10240 | D:9      | Gained mutation: You can use your snake-like lower body to
                  | constrict enemies. [Naga growth]
 10240 | D:9      | Reached XP level 13. HP: 106/106 MP: 13/13
 10351 | D:9      | Reached skill level 11 in Shields
 10365 | D:9      | Gained mutation: You are slightly weak-willed. (Will-) [Ru
                  | sacrifice]
 10365 | D:9      | Reached ***** piety under Ru
 10434 | D:10     | Entered Level 10 of the Dungeon
 10566 | D:10     | Noticed Erica
 10569 | D:10     | Found a staircase to the Lair.
 10579 | D:10     | Killed Erica
 10977 | D:10     | Found Fel Cacu's Armour Boutique.
 11166 | D:10     | You fall into a shaft and drop 1 floor!
 11395 | D:10     | Identified the +2 robe of Analysis {Archmagi}
 11537 | D:10     | Noticed Erolcha
 11546 | D:10     | Killed Erolcha
 11637 | Lair:1   | Entered Level 1 of the Lair of Beasts
 11974 | Lair:1   | Identified the +2 short sword of the Chewing Hawk {venom,
                  | rElec Dex+3}
 12213 | Lair:1   | Noticed Urug
 12225 | Lair:1   | Banished Urug
 12490 | Lair:1   | Gained mutation: You are unskilled. (-2 Apt) [Ru sacrifice]
 12490 | Lair:1   | Reduced skill Shields to level 10
 12490 | Lair:1   | Reached ****** piety under Ru
 12853 | Lair:2   | Reached skill level 10 in Armour
 12985 | Lair:2   | Identified the +9 flail of the Tired Emperors {freeze, rF++
                  | MP-9 Str+4}
 13329 | Lair:2   | Found a staircase to the Swamp.
 13329 | Lair:2   | Noticed an eleionoma
 13332 | Lair:2   | Killed an eleionoma
 13333 | Lair:2   | Reached skill level 11 in Shields
 13452 | Lair:2   | Reached XP level 14. HP: 87/114 MP: 14/14
 13803 | Swamp:1  | Entered Level 1 of the Swamp
 13803 | Swamp:1  | Noticed an eleionoma
 13804 | Swamp:1  | Noticed a fenstrider witch
 13979 | Lair:3   | Found a dark tunnel.
 13988 | Volcano  | Entered a volcano
 15060 | Volcano  | Found a burning altar of Makhleb.
 15455 | Volcano  | Identified the +2 pair of boots of the Farmer {rPois Str+3
                  | Int-5}
 16251 | Lair:3   | Found a hole to the Spider Nest.
 16259 | Lair:3   | Blown up by an orb spider (65 damage)
                  | ... with an orb of destruction
 16640 | Lair:4   | Found a runed translucent gate.
 16640 | Lair:4   | Found a runed translucent gate.
 16645 | Lair:4   | Found a runed translucent gate.
 16646 | Lair:4   | Noticed Zoekh's ghost (journeyman DsCK)
 16670 | Lair:4   | Killed Zoekh's ghost
 17278 | Lair:4   | Reached skill level 12 in Shields
 18030 | Lair:5   | Entered Level 5 of the Lair of Beasts
 18031 | Lair:5   | Found a staircase to the Slime Pits.
 18032 | Lair:5   | Found a viscous altar of Jiyva.
 18058 | Lair:5   | Reached XP level 15. HP: 121/121 MP: 15/15
 18659 | Lair:5   | Found a large runed translucent door.
 18660 | Lair:5   | Found a large runed translucent door.
 19003 | Lair:5   | Noticed Josephine
 19014 | Lair:5   | Banished Josephine
 19719 | Slime:1  | Entered Level 1 of the Pits of Slime
 19719 | Slime:1  | Noticed an azure jelly
 19912 | Elf:1    | Entered Level 1 of the Elven Halls
 19987 | Elf:1    | Found a crumbling gateway.
 19998 | Desolati | Entered the Desolation of Salt
 20099 | Desolati | Noticed an imperial myrmidon
 20110 | Desolati | Mangled by an imperial myrmidon
                  | ... wielding a +0 scimitar
                  | (28 damage)
 20113 | Desolati | Killed from afar by a molten gargoyle (14 damage)
                  | ... with a bolt of magma
 20114 | Desolati | Killed an imperial myrmidon
 20128 | Desolati | HP: 6/124 [peacekeeper (4)]
 20134 | Desolati | HP: 1/124 [ragged hierophant/a resonance strike (9)]
 20135 | Desolati | Killed from afar by a servant of whispers (13 damage)
                  | ... with a bolt of lightning
 20450 | Desolati | Identified the +0 battleaxe of the Imbibing Owl {flame,
                  | rElec rF+ MP-9 Str+8}
 20455 | Desolati | Got the Treatise on the Evolved Crevasse
 20457 | Desolati | Identified the +1 quarterstaff of Righteous Fury {heavy,
                  | +Blink}
 20734 | Desolati | Reached skill level 10 in Fighting
 20734 | Desolati | Reached skill level 13 in Shields
 20847 | Desolati | Noticed an imperial myrmidon
 20855 | Desolati | HP: 6/124 [peacekeeper[a halazid warlock] (9)]
 20856 | Desolati | Annihilated by an imperial myrmidon
                  | ... wielding a +0 scimitar
                  | (28 damage)
 20857 | Desolati | Killed an imperial myrmidon
 20877 | Desolati | HP: 6/124 [peacekeeper (9)]
 20877 | Desolati | HP: 1/124 [peacekeeper (5)]
 20878 | Desolati | Reached XP level 16. HP: 2/131 MP: 16/16
 20878 | Desolati | Mangled by a saltling (12 damage)
 20888 | Desolati | Reached skill level 10 in Axes
 20905 | Desolati | HP: 4/131 [servant of whispers/bolt of lightning (29)]
 21949 | Elf:1    | Found a runed translucent gate.
 21950 | Elf:1    | Found a runed translucent gate.
 21950 | Elf:1    | Found a runed translucent gate.
 21950 | Elf:1    | Noticed a deep elf master archer
 21951 | Elf:1    | Noticed Qikim's ghost (journeyman GrEE)
 21952 | Elf:1    | Identified the +7 battleaxe "Zina" {heavy, rPois Stlth+}
 21958 | Elf:1    | HP: 4/131 [poisoned by a deep elf pyromancer]
 21960 | Elf:1    | HP: 1/131 [poisoned by a deep elf pyromancer]
 21961 | Elf:1    | Succumbed to a deep elf pyromancer's poison
 21971 | Elf:1    | Found an iron altar of Okawaru.
 21980 | Elf:1    | Killed Qikim's ghost
 21989 | Elf:1    | Killed a deep elf master archer
 22304 | Elf:1    | Identified the +3 leather armour of Uskayaw {rElec rF+ rN+}
 22306 | Elf:1    | Identified the ring of Pantheism {rF+ rC+ Str+3 Slay+3}
 22670 | Elf:1    | Paralysed by an air elemental for 1 turns
 22673 | Elf:1    | Paralysed by an air elemental for 1 turns
 23430 | Elf:1    | Got Gloorx Vloq's Catalogue of Debased Secrets
 23789 | Elf:2    | Found a runed translucent gate.
 23789 | Elf:2    | Found a runed translucent gate.
 23789 | Elf:2    | Found a runed translucent gate.
 23810 | Elf:2    | Reached skill level 14 in Shields
 23823 | Elf:2    | HP: 3/133 [deep elf knight/shard of ice (25)]
 23825 | Elf:2    | Killed from afar by a deep elf knight (13 damage)
                  | ... with a shard of ice
 23861 | Elf:2    | Reached XP level 17. HP: 75/138 MP: 17/17
 23874 | Elf:2    | Killed from afar by a deep elf knight (29 damage)
                  | ... with a lance of force
 24431 | Elf:2    | Found an ancient bone altar of Kikubaaqudgha.
 25482 | Elf:3    | Entered Level 3 of the Elven Halls
 25500 | Elf:3    | Demolished by a +4 heavy halberd (24 damage)
 25675 | Elf:3    | Found Puyqan's Magic Scroll Shop.
 25754 | Elf:3    | Noticed a Tzitzimitl
 25758 | Elf:3    | HP: 6/141 [hellwing[a deep elf demonologist] (9)]
 25758 | Elf:3    | Killed from afar by a Tzitzimitl (45 damage)
                  | ... with a bolt of negative energy
                  | ... summoned by a deep elf demonologist
 25768 | Elf:3    | Killed from afar by a Tzitzimitl (32 damage)
                  | ... with a bolt of negative energy
                  | ... summoned by a deep elf demonologist
 25805 | Elf:3    | Paralysed by an air elemental for 1 turns
 25808 | Elf:3    | Paralysed by an air elemental for 1 turns
 25815 | Elf:3    | Paralysed by an air elemental for 1 turns
 25815 | Elf:3    | HP: 3/125 [+6 battleaxe of electrocution (11)]
 25816 | Elf:3    | Killed from afar by an air elemental (15 damage)
                  | ... with a stunning burst
 25818 | Elf:3    | Noticed Asterion
 25833 | Elf:3    | Mangled by Asterion
                  | ... wielding a +0 spectral demon trident
                  | (25 damage)
 25843 | Elf:3    | HP: 2/131 [+0 spectral demon trident[Asterion] (8)]
 25845 | Elf:3    | Killed from afar by Asterion (22 damage)
                  | ... with a bolt of negative energy
 25860 | Elf:3    | Killed Asterion
 25893 | Elf:3    | Killed from afar by a deep elf sorcerer (46 damage)
                  | ... with a bolt of acid
 25904 | Elf:3    | Killed from afar by a deep elf sorcerer (31 damage)
                  | ... with damnation
 25917 | Elf:3    | Noticed a deep elf blademaster
 25934 | Elf:3    | Killed a deep elf blademaster
 25935 | Elf:3    | Killed from afar by a deep elf sorcerer (38 damage)
                  | ... with a bolt of acid
 25961 | Elf:3    | Noticed a deep elf master archer
 25963 | Elf:3    | Shot with an arrow by a deep elf master archer (24 damage)
 25970 | Elf:3    | Killed a deep elf master archer
 25974 | Elf:3    | HP: 1/141 [deep elf high priest/a malign offering (23)]
 25976 | Elf:3    | Killed by a malign offering
                  | ... invoked by a deep elf high priest
                  | (28 damage)
 26100 | Elf:3    | Identified the +3 orcbow of Beyond {flame, rC+ Stlth+}
 26338 | Elf:3    | Found a transporter.
 26357 | Elf:3    | Found Vohef's Antique Weapon Shoppe.
 26367 | Elf:3    | Found Giet's Distillery.
 26432 | Elf:3    | Found a transporter.
 26614 | Elf:3    | Paralysed by an air elemental for 1 turns
 27059 | Elf:3    | Found a runed translucent door.
 27213 | Elf:3    | Noticed a deep elf blademaster
 27213 | Elf:3    | Found the ring of the Hare {EV+10}
 27213 | Elf:3    | Identified the +1 acid dragon scales of Sirhuwk {rCorr
                  | Str+4}
 27213 | Elf:3    | Noticed a deep elf master archer
 27220 | Elf:3    | Killed a deep elf master archer
 27224 | Elf:3    | Killed a deep elf blademaster
 27406 | Elf:3    | Identified the +10 spear of Vithreroe {freeze, rF- rC- MP+9
                  | Int+5}
 27407 | Elf:3    | Identified the +2 robe of Koloesh {rN+ Will+ Str+3}
 27472 | Elf:3    | Identified the staff of the Blessed Realm {Fly rElec rF+
                  | Dex+3 Fire}
 27490 | Elf:3    | Identified the +2 leather armour of the Thistle {rN+}
 27953 | D:11     | Reached XP level 18. HP: 123/148 MP: 18/18
 29217 | D:12     | Reached skill level 15 in Shields
 29855 | D:13     | Noticed Frances
 29864 | D:13     | Killed Frances
 30150 | D:13     | Noticed Azrael
 30163 | D:13     | Killed Azrael
 30250 | D:13     | Identified the +2 war axe "Jeitza" {pain, rC+ Str+3 Int-2}
 30284 | D:13     | Found a gate to the Vaults.
 30481 | Vaults:1 | Entered Level 1 of the Vaults
 31567 | Vaults:1 | Shot with a bolt by a yaktaur captain (28 damage)
 32186 | Vaults:1 | Found Jaecvan's Book Shop.
 32421 | Vaults:2 | Identified the +9 longbow of Iconoclasm {heavy, Int+3}
 32489 | Vaults:2 | Noticed Margery
 32494 | Vaults:2 | Killed Margery
 32564 | Vaults:2 | Reached XP level 19. HP: 54/151 MP: 19/19
 33317 | Vaults:2 | Identified the ring of Inaih {rC+ Str+3 Stlth+}
 33319 | Vaults:2 | Identified the +0 spear "Naga's Doom" {flame, Will+ rCorr
                  | Int+3 Dex+4}
 33390 | Vaults:2 | Identified the +2 whip "Ziushon" {freeze, Drain rElec rN+
                  | Dex+7}
 33391 | Vaults:2 | Identified the amulet "Vereunn" {Regen+ Dex+3}
 34275 | Vaults:2 | Reached skill level 16 in Shields
 34546 | Vaults:3 | Found Ponanejo's Magic Scroll Shoppe.
 34609 | Vaults:3 | Paralysed by a great orb of eyes for 2 turns
 34860 | Vaults:3 | Noticed Mennas
 34864 | Vaults:3 | Banished Mennas
 35260 | Vaults:3 | Noticed Saint Roka
 35279 | Vaults:3 | Reached skill level 15 in Armour
 35284 | Vaults:3 | Killed Saint Roka
 35657 | Vaults:3 | Noticed Norris
 35669 | Vaults:3 | Killed Norris
 35824 | Vaults:3 | HP: 6/159 [lindwurm[a glowing orange brain] (12)]
 35824 | Vaults:3 | Killed from afar by a lindwurm (13 damage)
                  | ... with a blast of flame
                  | ... summoned by a glowing orange brain
 35991 | Vaults:3 | Reached XP level 20. HP: 141/167 MP: 20/20
 36154 | Vaults:3 | Found a staircase to the Crypt.
 36297 | Crypt:1  | Entered Level 1 of the Crypt
 36304 | Crypt:1  | Noticed Frederick
 36319 | Crypt:1  | Killed Frederick
 37382 | Crypt:1  | Paralysed by a vampire knight for 2 turns
 38369 | Crypt:2  | Reached skill level 17 in Shields
 38518 | Crypt:2  | HP: 8/167 [skeletal warrior/+0 dire flail[an ancient
                  | champion] (3)]
 38521 | Crypt:2  | HP: 2/168 [skeletal warrior/+0 halberd[an ancient champion]
                  | (6)]
 38530 | Crypt:2  | Slain by a skeletal warrior
                  | ... wielding a +0 halberd
                  | ... led by an ancient champion
                  | (8 damage)
 38542 | Crypt:2  | Got the Papyrus of Transmigration and the Glacier
 38955 | Vaults:3 | Found a large runed translucent door.
 38955 | Vaults:3 | Found a large runed translucent door.
 38956 | Vaults:3 | Noticed Luiw's ghost (veteran HOBe)
 39011 | Vaults:3 | Banished Luiw's ghost
 39017 | Vaults:3 | Identified the +8 hand axe of Siosmaf {flame, rF- rN+++
                  | MP+9 Dex+2}
 40202 | Vaults:4 | Learned a level 9 spell: Polar Vortex
 40234 | Vaults:4 | Learned a level 4 spell: Olgreb's Toxic Radiance
 40457 | Vaults:4 | Reached XP level 21. HP: 155/174 MP: 21/21
 41212 | Vaults:5 | Entered Level 5 of the Vaults
 41216 | Vaults:5 | Noticed a golden dragon
 41229 | Vaults:5 | Banished a golden dragon
 41236 | Vaults:5 | HP: 6/175 [vault warden/+2 battleaxe (27)]
 41237 | Vaults:5 | Killed from afar by a tengu reaver (22 damage)
                  | ... with a bolt of acid
 41264 | Vaults:5 | HP: 7/175 [titan (12)]
 41267 | Vaults:5 | Killed from afar by a titan (31 damage)
                  | ... with a bolt of lightning
 41278 | Vaults:5 | HP: 1/175 [stone giant/large rock (24)]
 41280 | Vaults:5 | Mangled by a vault guard
                  | ... wielding a +0 bardiche
                  | (12 damage)
 41349 | Vaults:5 | Blown up by a lich (46 damage)
                  | ... with an orb of destruction
 41381 | Vaults:5 | Killed from afar by a lich (22 damage)
                  | ... with a bolt of cold
 41425 | Vaults:5 | Identified the ring of the Saviour {Fire Dex+4}
 41444 | Vaults:5 | HP: 8/176 [shadow dragon (2)]
 41465 | Vaults:5 | HP: 6/176 [vault warden/+0 dire flail (19)]
 41499 | Vaults:5 | Identified the +11 quarterstaff of Desperation {protect,
                  | rC+ Str+2 SInv}
 41500 | Vaults:5 | Shot with an arrow by an ironbound preserver (13 damage)
 41508 | Vaults:5 | Reached skill level 18 in Shields
 41516 | Vaults:5 | HP: 6/160 [ettin/+0 dire flail (13)]
 41518 | Vaults:5 | Hit by a large rock thrown by a stone giant (21 damage)
 41523 | Vaults:5 | Slain by an ettin
                  | ... wielding a +0 dire flail
                  | (12 damage)
 41527 | Vaults:5 | HP: 1/158 [shadow dragon/bolt of negative energy (16)]
 41528 | Vaults:5 | Succumbed to a deep elf annihilator's poison arrow
 41912 | Vaults:5 | Identified the +4 glaive of the Maze {venom, rPois Dex+3}
 41997 | Vaults:5 | Reached XP level 22. HP: 121/170 MP: 22/22
 42307 | Vaults:5 | Identified the +0 scimitar "Ikiofoatt" {drain, rElec rF+
                  | rC+}
 42310 | Vaults:5 | Identified the +2 halberd "Tesuman" {antimagic, rF+}
 42312 | Vaults:5 | Identified the ring "Fyshaypo" {Wiz Dex+2}
 42342 | Vaults:5 | Identified the +0 plate armour of Okhivu {*Slow Fly rF+
                  | Slay+4}
 42412 | Vaults:5 | Got a silver rune of Zot
 42842 | Vaults:5 | Identified the +14 crystal plate armour of the Old and
                  | Reckless {Harm}
 42867 | Vaults:5 | Acquired the +1 cloak of Starlight {*Dazzle EV+4 Stlth--}
 42867 | Vaults:5 | Found the +1 cloak of Starlight {*Dazzle EV+4 Stlth--}
 42954 | Vaults:2 | Identified the +8 shortbow "Qobimup" {drain, rF+ SInv}
 43935 | D:14     | Noticed Jorgrun
 43938 | D:14     | Banished Jorgrun
 44513 | D:15     | Entered Level 15 of the Dungeon
 45243 | D:15     | Found a staircase to the Depths.
 45281 | Depths:1 | Entered Level 1 of the Depths
 45327 | Depths:1 | Found a gateway to Hell.
 45462 | Depths:1 | Found Qag Zoji's Book Shop.
 45467 | Depths:1 | Found Qezxug's Antique Armour Shop.
 45920 | Depths:1 | Found a one-way gate to the infinite horrors of the Abyss.
 45972 | Depths:1 | Found a one-way gate leading to the halls of Pandemonium.
 46094 | Depths:1 | Found a basalt altar of Yredelemnul.
 46100 | Depths:1 | Noticed a profane servitor
 46119 | Depths:1 | Killed a profane servitor
 46383 | Depths:2 | Found a transporter.
 46403 | Depths:2 | Found a transporter.
 46475 | Depths:2 | Identified the +2 cloak "Vixy" {-Cast rElec Str+5 Dex+3}
 46483 | Depths:2 | Got the Precepts of Outbursts
 47157 | Depths:2 | Found a sacrificial altar of Ru.
 47449 | Depths:2 | Reached XP level 23. HP: 192/192 MP: 23/23
 47893 | Depths:2 | You fall into a shaft and drop 1 floor!
 47961 | Depths:3 | Reached skill level 19 in Shields
 48201 | Depths:3 | Noticed a caustic shrike
 48205 | Depths:3 | Killed a caustic shrike
 48346 | Depths:3 | Noticed a golden dragon
 48362 | Depths:3 | Killed a golden dragon
 48371 | Depths:3 | Killed from afar by a shadow dragon (38 damage)
                  | ... with a bolt of negative energy
 48475 | Depths:3 | HP: 6/172 [tengu reaver/bolt of lightning (21)]
 48477 | Depths:3 | Demolished by a tengu reaver
                  | ... wielding a +0 great sword of draining
                  | (26 damage)
 48493 | Depths:3 | Blown up by a lich (19 damage)
                  | ... with a wavering orb of destruction
 48697 | Hell     | Entered the Vestibule of Hell
 48697 | Hell     | Noticed Geryon
 48757 | Hell     | HP: 9/186 [demonic crawler (3)]
 48757 | Hell     | Slain by a freezing wraith (9 damage)
 48765 | Hell     | Gained mutation: You sometimes lose your temper in combat.
                  | [a cacodemon]
 48766 | Hell     | Gained mutation: You are very frail. (-20% HP) [a
                  | cacodemon]
 48768 | Hell     | Succumbed to a reaper's poison
 48769 | Hell     | Killed Geryon
 48774 | Hell     | HP: 7/172 [reaper/+5 scythe of venom (13)]
 48774 | Hell     | Slain by a bone dragon (10 damage)
                  | ... called by a doom hound
 48781 | Hell     | Reached skill level 15 in Fighting
 48784 | Hell     | HP: 8/164 [caustic shrike skeleton[a necromancer] (1)]
 48785 | Hell     | Engulfed by a putrid mouth's foul pestilence (16 damage)
                  | ... called by a doom hound
 48799 | Hell     | Reached XP level 24. HP: 16/180 MP: 21/23
 48799 | Hell     | Demolished by a reaper
                  | ... wielding a +5 scythe of venom
                  | (24 damage)
 48888 | Hell     | Found a gateway to the decaying netherworld of Tartarus.
 48921 | Hell     | Found a gateway to the ashen valley of Gehenna.
 48982 | Hell     | Found a gateway to the Iron City of Dis.
 49068 | Hell     | Found a gateway to the freezing wastes of Cocytus.
 49193 | Depths:3 | Reached skill level 15 in Axes
 49978 | Depths:3 | Identified the +0 pair of boots "Fyppis" {rPois Int+4}
 50195 | Depths:3 | Lost mutation: You are very frail. (-20% HP) [potion of
                  | mutation]
 50195 | Depths:3 | Lost mutation: You sometimes lose your temper in combat.
                  | [potion of mutation]
 50195 | Depths:3 | Gained mutation: You are resistant to electric shocks.
                  | (rElec) [potion of mutation]
 50195 | Depths:3 | Gained mutation: You are agile. (Dex +4, Str/Int -1)
                  | [potion of mutation]
 50849 | Depths:3 | Found Todaned's Jewellery Emporium.
 50855 | Depths:3 | Bought the ring of the Tortoise {AC+8} for 2688 gold pieces
 50855 | Depths:3 | Found the ring of the Tortoise {AC+8}
 50962 | Depths:3 | Noticed a juggernaut
 50996 | Depths:3 | Killed a juggernaut
 51008 | Depths:4 | Entered Level 4 of the Depths
 51251 | Depths:4 | Noticed Jory
 51266 | Depths:4 | Reached skill level 20 in Shields
 51267 | Depths:4 | Killed Jory
 51445 | Depths:4 | Found a one-way gateway to a ziggurat.
 51965 | Depths:4 | Found a gate to the Realm of Zot.
 52794 | Spider:1 | Entered Level 1 of the Spider Nest
 52855 | Spider:1 | Noticed Roxanne
 52867 | Spider:1 | Noticed Donald
 52874 | Spider:1 | Killed Roxanne
 52891 | Spider:1 | Killed Donald
 53308 | Spider:1 | Noticed Rupert
 53310 | Spider:1 | Banished Rupert
 53327 | Spider:1 | Found a runed translucent gate.
 53329 | Spider:1 | Found a runed translucent gate.
 53329 | Spider:1 | Found a runed translucent gate.
 53330 | Spider:1 | Noticed Lirufu's ghost (adept GrEE)
 53400 | Spider:1 | Killed Lirufu's ghost
 54203 | Spider:2 | Noticed Mlioglotl
 54218 | Spider:2 | Killed Mlioglotl
 54460 | Spider:2 | Noticed Arachne
 54491 | Spider:2 | Killed Arachne
 55031 | Spider:3 | Reached XP level 25. HP: 210/210 MP: 23/23
 55330 | Spider:3 | Noticed Bai Suzhen
 55343 | Spider:3 | Killed Bai Suzhen
 55934 | Spider:4 | Entered Level 4 of the Spider Nest
 57106 | Spider:4 | Got a gossamer rune of Zot
 57460 | Slime:3  | Gained mutation: Your body sometimes deteriorates upon
                  | taking damage. [a shining eye]
 57633 | Slime:5  | Entered Level 5 of the Pits of Slime
 57696 | Slime:5  | Noticed the Royal Jelly
 57705 | Slime:5  | Killed by an exploding rockslime (22 damage)
                  | ... ignited by their inner flame
 57705 | Slime:5  | Killed the Royal Jelly
 57710 | Slime:5  | Killed by an exploding rockslime (38 damage)
                  | ... ignited by their inner flame
 57727 | Slime:5  | Lost mutation: Your body sometimes deteriorates upon taking
                  | damage. [potion of mutation]
 57727 | Slime:5  | Lost mutation: You are resistant to electric shocks.
                  | (rElec) [potion of mutation]
 57727 | Slime:5  | Lost mutation: You are agile. (Dex +4, Str/Int -1) [potion
                  | of mutation]
 57727 | Slime:5  | Gained mutation: Your spells are a little easier to cast,
                  | but a little less powerful. [potion of mutation]
 57727 | Slime:5  | Gained mutation: You are covered in fur. (AC +1) [potion of
                  | mutation]
 57736 | Slime:5  | Demolished by an azure jelly (46 damage)
 57890 | Slime:5  | Got a slimy rune of Zot
 57891 | Slime:5  | Identified the staff of Disarray {+Blink MP-9 Str+7 Dex-3
                  | Conj}
 57959 | Slime:5  | Identified the ring "Asuxzot" {rPois Int+3 Dex+6}
 57973 | Slime:5  | Identified the staff "Kinih" {rElec rPois rC+ Dex-4 SInv
                  | Poison}
 58032 | Slime:5  | Found the +4 robe of Augmentation {Str+4 Int+4 Dex+4}
 58057 | Slime:5  | Acquired 675 gold pieces
 58063 | Slime:5  | Identified the +5 battleaxe "Transmigrator" {drain,
                  | *Corrode MP+9 Str+2 Int+3}
 58614 | Slime:3  | Reached skill level 21 in Shields
 58624 | Slime:2  | Gained mutation: Your spells are easier to cast, but less
                  | powerful. [a shining eye]
 58625 | Slime:2  | Gained mutation: Your spells are much easier to cast, but
                  | much less powerful. [a shining eye]
 58967 | Slime:2  | Paralysed by a great orb of eyes for 4 turns
 59129 | Swamp:1  | Found a transporter.
 59204 | Swamp:1  | Found a transporter.
 59611 | Swamp:1  | Identified the ring of Ineefiruor {rPois rF- rCorr MP+9
                  | Dex+4}
 59620 | Swamp:1  | Identified the +2 cloak of Hubris {rElec MP+9 Int+4}
 59905 | Swamp:2  | Reached XP level 26. HP: 212/221 MP: 23/23
 60026 | Swamp:2  | Found a frozen archway.
 60041 | IceCv    | Entered an ice cave
 60217 | IceCv    | Found the +2 Maxwell's thermic engine {flame, freeze, rev}
 61045 | Swamp:3  | Acquired a manual of Spellcasting
 61448 | Swamp:4  | Entered Level 4 of the Swamp
 61820 | Swamp:4  | Got a decaying rune of Zot
 61944 | Swamp:4  | Noticed Nikola
 61958 | Swamp:4  | Killed Nikola
 63078 | Crypt:3  | Entered Level 3 of the Crypt
 63348 | Crypt:3  | Noticed Zenata
 63358 | Crypt:3  | Banished Zenata
 63504 | Crypt:3  | Found an ancient bone altar of Kikubaaqudgha.
 63896 | Crypt:3  | Noticed an ancient lich
 63901 | Crypt:3  | Noticed a dread lich
 63905 | Crypt:3  | Killed an ancient lich
 63912 | Crypt:3  | Banished a dread lich
 64316 | Crypt:3  | Got the Almanac of Obstruction
 64317 | Crypt:3  | Identified the +1 sling "Atufage" {drain, rF- rC++ rN+
                  | Int-2}
 64322 | Crypt:3  | Identified the staff of Soft Responsibility {rF+ rC+ Ice}
 64336 | Crypt:3  | Learned a level 8 spell: Ignition
 64755 | Crypt:3  | Noticed a royal mummy
 64777 | Crypt:3  | HP: 5/196 [royal mummy (9)]
 64778 | Crypt:3  | Killed a royal mummy
 64783 | Crypt:3  | HP: 2/203 [eidolon (8)]
 65163 | Crypt:3  | Found a staircase to the Tomb.
 66129 | Tomb:1   | Entered Level 1 of the Tomb of the Ancients
 67020 | Tomb:1   | Noticed a royal mummy
 67029 | Tomb:1   | Killed a royal mummy
 67042 | Tomb:1   | Reached XP level 27. HP: 25/213 MP: 18/23
 67079 | Tomb:1   | Identified the +1 scimitar "Gatur" {heavy, Will++}
 67080 | Tomb:1   | Killed by divine providence
                  | ... invoked by a mummy priest
                  | (18 damage)
 67142 | Tomb:1   | Noticed a royal mummy
 67159 | Tomb:1   | Killed a royal mummy
 67889 | Tomb:2   | Noticed a royal mummy
 67891 | Tomb:2   | Noticed a royal mummy
 67891 | Tomb:2   | Noticed a royal mummy
 67893 | Tomb:2   | HP: 8/193 [poisoned by an ushabti (dark miasma)]
 67894 | Tomb:2   | HP: 2/193 [ushabti] (6)]
 67894 | Tomb:2   | Succumbed to an ushabti's dark miasma
 67898 | Tomb:2   | Succumbed to an ushabti's dark miasma
 67898 | Tomb:2   | Noticed a royal mummy
 67901 | Tomb:2   | Engulfed by an ushabti's foul pestilence (19 damage)
 67902 | Tomb:2   | HP: 7/193 [mummy priest/divine providence (13)]
 67903 | Tomb:2   | HP: 1/193 [ushabti] (4)]
 67903 | Tomb:2   | Succumbed to an ushabti's dark miasma
 67905 | Tomb:2   | Reached skill level 22 in Shields
 67907 | Tomb:2   | Killed a royal mummy
 67913 | Tomb:2   | Killed a royal mummy
 67913 | Tomb:2   | Killed by a royal mummy's death curse (19 damage)
 67919 | Tomb:2   | Banished a royal mummy
 67923 | Tomb:2   | Killed a royal mummy
 68577 | Tomb:1   | Noticed a royal mummy
 68586 | Tomb:1   | Noticed a royal mummy
 68587 | Tomb:1   | Noticed a royal mummy
 68594 | Tomb:1   | HP: 6/210 [emperor scorpion[a royal mummy] (9)]
 68594 | Tomb:1   | Killed by divine providence
                  | ... invoked by a royal mummy
                  | (15 damage)
 68595 | Tomb:1   | Killed a royal mummy
 68595 | Tomb:1   | Noticed a royal mummy
 68597 | Tomb:1   | Noticed a royal mummy
 68625 | Tomb:1   | Banished a royal mummy
 68632 | Tomb:1   | HP: 5/176 [royal mummy/divine providence (15)]
 68633 | Tomb:1   | Slain by an emperor scorpion (9 damage)
                  | ... summoned by a royal mummy
 68637 | Tomb:1   | Killed a royal mummy
 68641 | Tomb:1   | Killed a royal mummy
 68643 | Tomb:1   | Killed a royal mummy
 68851 | Tomb:1   | Noticed a royal mummy
 68860 | Tomb:1   | Killed a royal mummy
 69002 | Tomb:1   | Noticed a royal mummy
 69008 | Tomb:1   | Banished a royal mummy
 69187 | Tomb:1   | Noticed a royal mummy
 69195 | Tomb:1   | Killed a royal mummy
 69319 | Tomb:1   | Noticed a royal mummy
 69320 | Tomb:1   | Noticed a royal mummy
 69334 | Tomb:1   | Killed a royal mummy
 69334 | Tomb:1   | HP: 7/173 [torment (6)]
 69347 | Tomb:1   | Banished a royal mummy
 69355 | Tomb:1   | Noticed a royal mummy
 69365 | Tomb:1   | HP: 8/190 [??? (7)]
 69371 | Tomb:1   | Noticed a royal mummy
 69371 | Tomb:1   | HP: 7/190 [??? (4)]
 69373 | Tomb:1   | Killed by divine providence
                  | ... invoked by a royal mummy
                  | (9 damage)
 69375 | Tomb:1   | Killed a royal mummy
 69419 | Tomb:1   | Killed by divine providence
                  | ... invoked by a royal mummy
                  | (13 damage)
 69429 | Tomb:1   | Noticed a royal mummy
 69446 | Tomb:1   | Banished a royal mummy
 69456 | Tomb:1   | Killed a royal mummy
 69631 | Tomb:1   | Noticed a royal mummy
 69648 | Tomb:1   | Killed a royal mummy
 69675 | Tomb:1   | Noticed a royal mummy
 69687 | Tomb:1   | HP: 7/194 [??? (7)]
 69688 | Tomb:1   | Noticed a royal mummy
 69698 | Tomb:1   | Banished a royal mummy
 69700 | Tomb:1   | Killed by divine providence
                  | ... invoked by a royal mummy
                  | (14 damage)
 69707 | Tomb:1   | Banished a royal mummy
 69850 | Tomb:1   | Noticed a royal mummy
 69858 | Tomb:1   | Banished a royal mummy
 70308 | Tomb:2   | Killed by an exploding bennu (36 damage)
                  | ... ignited by themself
 70318 | Tomb:2   | HP: 8/181 [something (21)]
 70322 | Tomb:2   | Killed by divine providence
                  | ... invoked by a mummy priest
                  | (12 damage)
 70643 | Tomb:3   | Entered Level 3 of the Tomb of the Ancients
 70648 | Tomb:3   | Noticed a royal mummy
 70651 | Tomb:3   | Noticed a royal mummy
 70654 | Tomb:3   | Noticed a royal mummy
 70659 | Tomb:3   | HP: 10/204 [death scarab (1)]
 70659 | Tomb:3   | HP: 3/204 [death scarab (7)]
 70659 | Tomb:3   | Killed by divine providence
                  | ... invoked by a mummy priest
                  | (16 damage)
 70660 | Tomb:3   | Killed a royal mummy
 70660 | Tomb:3   | Killed by a guardian mummy's death curse (8 damage)
 70661 | Tomb:3   | Noticed a royal mummy
 70665 | Tomb:3   | Killed a royal mummy
 70665 | Tomb:3   | Killed a royal mummy
 70670 | Tomb:3   | Noticed a royal mummy
 70670 | Tomb:3   | Noticed a royal mummy
 70672 | Tomb:3   | Killed a royal mummy
 70676 | Tomb:3   | HP: 2/231 [royal mummy/divine providence (16)]
 70678 | Tomb:3   | Banished a royal mummy
 70679 | Tomb:3   | Killed by a guardian mummy's death curse (15 damage)
 70680 | Tomb:3   | Upgraded the game from 0.31-a0-750-gfe7b580527 to
                  | 0.31-a0-765-g67fe2935dc
 70682 | Tomb:3   | Noticed a royal mummy
 70691 | Tomb:3   | HP: 4/232 [emperor scorpion[a royal mummy] (10)]
 70691 | Tomb:3   | Slain by an emperor scorpion (6 damage)
                  | ... summoned by a royal mummy
 70692 | Tomb:3   | Noticed a royal mummy
 70694 | Tomb:3   | Mangled by a skeletal warrior
                  | ... wielding a +0 glaive
                  | (21 damage)
 70695 | Tomb:3   | Killed a royal mummy
 70696 | Tomb:3   | Noticed a royal mummy
 70702 | Tomb:3   | HP: 8/220 [??? (8)]
 70703 | Tomb:3   | Killed a royal mummy
 70708 | Tomb:3   | HP: 6/207 [guardian mummy (3)]
 70712 | Tomb:3   | Demolished by a death scarab (20 damage)
                  | ... summoned by a royal mummy
 70722 | Tomb:3   | Banished a royal mummy
 70723 | Tomb:3   | Banished a royal mummy
 70726 | Tomb:3   | HP: 7/219 [??? (6)]
 70728 | Tomb:3   | Killed by divine providence
                  | ... invoked by a mummy priest
                  | (13 damage)
 71064 | Tomb:3   | Found the +11 plutonium sword {Contam Stlth-}
 71316 | Tomb:3   | Got a golden rune of Zot
 71389 | Tomb:3   | Found the necklace of Bloodlust {Fury *Rage Will++ Int-3
                  | Slay+6}
 71404 | Tomb:3   | Identified the +1 robe "Ifeashro" {rF+ rN+}
 71473 | Tomb:3   | Got the Thoughts on the Quantum Adder
 72206 | Geh:1    | Entered Level 1 of Gehenna
 72231 | Geh:1    | HP: 10/225 [fire giant/fireball (16)]
 72232 | Geh:1    | HP: 4/225 [fire giant/bolt of fire (7)]
 72233 | Geh:1    | Killed from afar by a fire giant (51 damage)
                  | ... with a bolt of fire
 72303 | Geh:1    | Killed from afar by a hell hog (51 damage)
                  | ... with a fireball
 72323 | Geh:1    | Killed from afar by a hell hog (34 damage)
                  | ... with a fireball
 72325 | Geh:1    | Reached skill level 23 in Shields
 72435 | Geh:2    | Noticed a juggernaut
 72450 | Geh:2    | Killed a juggernaut
 72464 | Geh:2    | Noticed a juggernaut
 72482 | Geh:2    | Killed a juggernaut
 72543 | Geh:2    | HP: 9/230 [poisoned by a tainted leviathan (dark miasma)]
 72544 | Geh:2    | Succumbed to a tainted leviathan's dark miasma
 73243 | Geh:3    | Killed from afar by a fire giant (63 damage)
                  | ... with a fireball
 73647 | Geh:4    | HP: 11/234 [searing wretch (22)]
 73647 | Geh:4    | Demolished by a searing wretch (28 damage)
 74194 | Geh:6    | HP: 7/202 [??? (7)]
 74195 | Geh:6    | Killed from afar by a hellion (30 damage)
                  | ... with damnation
 74202 | Geh:6    | Killed from afar by a hell hog (26 damage)
                  | ... with a fireball
 74211 | Geh:6    | HP: 5/211 [spore (33)]
 74211 | Geh:6    | Killed from afar by a balrug (25 damage)
                  | ... with a bolt of fire
 74230 | Geh:6    | HP: 3/212 [balrug/bolt of fire (31)]
 74231 | Geh:6    | Killed from afar by a hell hog (19 damage)
                  | ... with a fireball
 74242 | Geh:6    | Killed from afar by a hellephant

Illustrated notes

Levels and vault maps discovered:
D:1:      dpeg_arrival_pond, layout_basic, ebering_ecumenical_altar_webs,
          lexackson_kobold_supper
D:2:      layout_rooms, basic_altar, grunt_ministairs_9,
          minmay_randomly_rotated_circles
D:3:      layout_basic
D:4:      layout_basic, uniq_duvessa
D:5:      layout_loops_ring
D:6:      layout_cave_pools, nicolae_overflows_in_rows,
          nicolae_qazlal_general_emergency, serial_shops, shop
D:7:      layout_cave_pools, temple_hall
D:8:      layout_loops_ring, doesnt_xom_only_xom,
          nicolae_ossuary_entry_false_entrances
D:9:      minmay_the_grid_3x2 [minmay_the_grid_outer_diamond,
          minmay_the_grid_plusring, minmay_the_grid_medium_cups,
          minmay_the_grid_aliased_spiral, minmay_the_grid_small_cups,
          minmay_the_grid_prize_four_corners], layout_basic, skrybe_limestone_x
D:10:     layout_gridville, hellmonk_lair_entry_icy, serial_shops, shop,
          uniq_erolcha, uniq_erica
D:11:     layout_cave_pods, abandoned_shop, dreamdust_gnoll_shepherd
D:12:     layout_irregular_city
D:13:     layout_gridville, lightli_vaults_fourway_checkpoint, special_room
          [special_room_orc], uniq_frances, uniq_azrael
D:14:     statuecave_lemuel, layout_small_grid, special_room [special_room_orc],
          serial_bayou_shore_a, minmay_misc_feat_cross, grunt_decor_arrowhead,
          uniq_jorgrun
D:15:     grunt_enter_depths_magical_seal, layout_rooms,
          nicolae_twisting_strands, minmay_increasing_density
Lair:1:   minmay_lair_oklob_tunnel, layout_chaotic_city, st_stairs_8, uniq_urug
Lair:2:   layout_gridlike, alex1729_swamp_entry_worm_eleionoma,
          serial_bayou_shore_b
Lair:3:   layout_gridlike, nicolae_spider_entry_orb_guardian, enter_volcano_4,
          grunt_megastairs_5
Lair:4:   layout_gridlike, gammafunk_ghost_necromancy
Lair:5:   cheibrodos_lair_end_hotspot, layout_gridlike, slime_entry_1,
          minivault_11, serial_bayou_crossing, uniq_josephine
Swamp:1:  gammafunk_worm_tunnel, layout_falls_marsh, evilmike_swamp_ruin_house_5
Swamp:2:  layout_falls_marsh, portal_ice_cave_entry_ice_statue_two,
          evilmike_swamp_ruin_house_3, infiniplex_staircase_pool
Swamp:3:  layout_falls_marsh, nicolae_swamp_fairy_circle, swamp_pool3
Swamp:4:  swamp_pestilence, layout_basic_swamp, swamp_pool3, uniq_nikola
Spider:1: layout_cave_pods, gammafunk_ghost_split, hellmonk_test_site,
          uniq_rupert, uniq_donald, uniq_roxanne
Spider:2: layout_spider_delve, drop_trap, nicolae_spider_twisty_arc_passages,
          uniq_mlioglotl, uniq_arachne
Spider:3: layout_spider_delve, uniq_bai_suzhen
Spider:4: floodkiller_spider_rune_tomb
Slime:1:  layout_caves
Slime:2:  layout_caves
Slime:3:  layout_caves
Slime:4:  layout_caves
Slime:5:  slime_pit_nicolae_inversion
Orc:1:    layout_caves, basic_altar
Orc:2:    grunt_orc_cross, layout_diamond_mine, nicolae_orc_lost_temple,
          uniq_maurice
Elf:1:    eino_elf_arrival_sip, layout_geoelf_octagon,
          portal_desolation_entry_garden, gammafunk_ghost_fury_of_okawaru,
          minmay_elf_necromancy
Elf:2:    nicolae_elf_blades_splatter_lattice
          [nicolae_blade_entry_hurt_lockers], layout_onion_city, basic_altar,
          nicolae_elevator_lobby_asterisk, lemuel_upstairs_altar
Elf:3:    elf_hall_gauntlet_wide, layout_loops_corners, serial_shops, shop,
          nicolae_shop_drivethru, nicolae_shop_window_shopping, minivault_20,
          minivault_13, uniq_asterion
Vaults:1: nicolae_vaults_what_the_h, v_misc_4, nicolae_vaults_turnstiles,
          vaults_mumra_minichess, nicolae_vaults_double_plus_3, v_misc_15,
          hangedman_vaults_stream, v_misc_27, layout_vaults_omnibox,
          serial_shops, shop
Vaults:2: v_misc_9, grunt_vaults_diagonal,
          nicolae_vaults_storing_the_good_stuff,
          nicolae_vaults_trapezoid_layered, vaults_dpeg_hooks,
          nicolae_vaults_network_quinsquares
          [nicolae_vaults_network_quincunx_subvault,
          nicolae_vaults_network_quincunx_subvault,
          nicolae_vaults_network_quincunx_subvault,
          nicolae_vaults_network_quincunx_subvault], v_alt_pattern_5,
          nicolae_vaults_trapezoid_lopsided_1,
          nicolae_vaults_doubleplus_tesselated, vaults_room_hallway,
          layout_vaults_quadrants, uniq_margery
Vaults:3: ebering_ghost_disaster_area, hangedman_vaults_variations, v_misc_4,
          nicolae_vaults_murderbox, ontoclasm_vaults_bender,
          hangedman_vaults_unwind, nicolae_vaults_ninety_degrees,
          minmay_crypt_entry_simple_corners, v_rooms_3,
          ontoclasm_vaults_ring_small, ontoclasm_vaults_ligature,
          vaults_room_pools, nicolae_vaults_diagonal_hallway_8,
          nicolae_vaults_octothorpe, layout_vaults_maze_snakey, serial_shops,
          shop, uniq_saint_roka, uniq_mennas, uniq_norris
Vaults:4: nicolae_vaults_little_squares_1, ontoclasm_vaults_idyll,
          grunt_vaults_hallway_long, nicolae_vaults_shelves_hall,
          nicolae_vaults_murder_corner, nicolae_vaults_little_squares_3,
          v_pattern_1, nicolae_vaults_angled_halls, ontoclasm_vaults_eye,
          vaults_dpeg_ring, layout_vaults_ring
Vaults:5
Crypt:1:  layout_chaotic_city, st_stairs_11, st_vampire_maze, uniq_josephina,
          uniq_frederick
Crypt:2:  layout_misc_corridors, grunt_ministairs_2
Crypt:3:  evilmike_haunted_forest, uniq_zenata
Tomb:1
Tomb:2
Tomb:3
Depths:1: layout_cave_pools, hangedman_abyss_or_decor_lesser_grid,
          hangedman_abyss_entry_splay, hell_entry, rand_demon_pan_entry_1,
          hangedman_blasphemy, serial_bayou_shore_b, minmay_shop_star
Depths:2: gammafunk_sealed_arena, layout_gridlike, pf_coc_iceberg,
          serial_corexii_hall, corexii_hall_statues_deadend,
          chequers_hall_statues_y, corexii_hall_statues_l,
          corexii_hall_statues_x, corexii_hall_statues_i,
          corexii_hall_statues_x, nicolae_ru_the_path_less_chosen,
          grunt_pan_entry_spiral
Depths:3: nooodl_heptagram, layout_gridlike, abyss_entry, serial_shops, shop,
          hell_entry, small_statue_intersection,
          infiniplex_staircase_split_hallway
Depths:4: grunt_zot_entry_funnels, layout_basic, enter_ziggurat_d, hell_entry,
          roderic_lattice_octagonal_star, uniq_jory
Hell
Geh:1:    nicolae_geh_split_lavaduct, layout_gehenna_pools_triple
Geh:2:    nicolae_hells_titanomachy
Geh:3:    layout_gehenna_lava_caves
Geh:4:    layout_gehenna_lava_caves
Geh:5:    layout_gehenna_pools_basic, special_room [special_room_morgue]
Geh:6:    layout_gehenna_pools_box

Skill      XL: |  1  2  3  4  5  6  7  8  9 10 11 12 13 14 15 16 17 18 19 20 21 22 23 24 25 26 27 |
---------------+----------------------------------------------------------------------------------+-----
Shields        | 3 4 5 6 7 8 9 10 11 12 13 14 15 16 17 18 19 20 21 23 | 23.4
Armour         | 3 4 5 6 6 7 9 10 10 11 12 13 14 15 16 17 18 19 20 21 | 21.7
Axes           | 3 4 5 6 7 8 9 10 11 12 13 14 15 16 18 | 18.0
Fighting       | 4 5 6 7 8 8 9 10 11 12 13 14 15 16 18 | 18.1

Action                     |  1- 3 |  4- 6 |  7- 9 | 10-12 | 13-15 | 16-18 | 19-21 | 22-24 | 25-27 || total
---------------------------+-------+-------+-------+-------+-------+-------+-------+-------+-------++-------
  Melee: War axe           |    79 |   137 |    59 |       |       |       |       |       |       ||   275
         Broad axe         |       |       |   161 |   270 |   590 |   761 |  1015 |  1166 |  1926 ||  5889
         Constrict         |       |       |       |       |   146 |   176 |   191 |   228 |   345 ||  1086
 Invoke: Sacrifice Drink   |       |     1 |       |       |       |       |       |       |       ||     1
         Power Leap        |       |       |     1 |     4 |     1 |       |       |       |     1 ||     7
         Sacrifice Skill   |       |       |     1 |       |     1 |       |       |       |       ||     2
         Sacrifice Health  |       |       |     1 |       |       |       |       |       |       ||     1
         Apocalypse        |       |       |       |       |     2 |     2 |     2 |     4 |    16 ||    26
         Sacrifice Essence |       |       |       |       |     1 |       |       |       |       ||     1
Ability: Spit Poison       |     7 |    29 |    38 |     9 |    21 |    27 |       |       |       ||   131
  Evoke: Wand              |       |       |       |       |     1 |       |       |     3 |     2 ||     6
         Lightning rod     |       |       |       |       |       |       |       |       |     8 ||     8
         Condenser vane    |       |       |       |       |       |       |       |       |     2 ||     2
         Phial of floods   |       |       |       |       |       |       |       |       |     1 ||     1
    Use: Scroll            |     1 |     9 |     9 |     2 |    11 |     5 |     1 |     7 |    10 ||    55
         Potion            |       |       |       |     2 |       |     1 |       |     1 |     1 ||     5
   Stab: Invisible         |       |       |       |     3 |     4 |    14 |    14 |    24 |    24 ||    83
         Distracted        |       |       |       |       |     5 |     2 |     5 |     6 |     9 ||    27
         Paralysed         |       |       |       |       |     7 |    11 |     8 |    22 |    17 ||    65
         Petrified         |       |       |       |       |     3 |       |       |       |       ||     3
         Confused          |       |       |       |       |       |       |     2 |       |       ||     2
 Armour: Scale mail        |    81 |    63 |       |       |       |       |       |       |       ||   144
         Chain mail        |       |   117 |   279 |   438 |   897 |   816 |   861 |       |       ||  3408
         Storm dragon scal |       |       |       |       |       |       |     2 |     5 |       ||     7
         Crystal plate arm |       |       |       |       |       |       |       |   899 |  1381 ||  2280
         Plate armour      |       |       |       |       |       |       |       |     1 |       ||     1
  Dodge: Dodged            |    33 |    43 |    39 |    63 |   171 |   151 |   105 |   500 |   653 ||  1758
  Block: Buckler           |    25 |    31 |    73 |   181 |   389 |   221 |       |       |       ||   920
         Reflection        |       |       |       |       |       |    35 |    47 |    54 |    58 ||   194
         Kite shield       |       |       |       |       |       |   239 |   847 |  1086 |       ||  2172
         Tower shield      |       |       |       |       |       |       |       |   268 |  2748 ||  3016

Table legend: (Time is in decaauts)
 A = Elapsed time spent in this place.
 B = Non-inter-level travel time spent in this place.
 C = Inter-level travel time spent in this place.
 D = Time resting spent in this place.
 E = Time spent auto-exploring this place.
 F = Levels seen in this place.
 G = Mean time per level.
                   A        B        C        D        E       F      G
               +--------+--------+--------+--------+--------+-----+--------+
         Total |  90162 |  84522 |   5640 |   2081 |  65907 |  64 | 1408.8 |
       Dungeon |  18496 |  17270 |   1226 |    399 |  14206 |  15 | 1233.1 |
          Lair |   8706 |   7896 |    810 |     50 |   6421 |   5 | 1741.2 |
         Swamp |   3396 |   3188 |    208 |    114 |   2329 |   4 |  849.0 |
   Spider Nest |   5675 |   5322 |    353 |      0 |   4241 |   4 | 1418.8 |
    Slime Pits |   1838 |   1762 |     76 |      0 |    972 |   5 |  367.6 |
  Orcish Mines |   2399 |   2063 |    336 |      0 |   1712 |   2 | 1199.5 |
   Elven Halls |   7677 |   7087 |    590 |     62 |   5587 |   3 | 2559.0 |
        Vaults |  12233 |  11706 |    527 |    159 |   9458 |   5 | 2446.6 |
         Crypt |   7171 |   6654 |    517 |      0 |   5488 |   3 | 2390.3 |
          Tomb |   6398 |   5988 |    410 |    256 |   4434 |   3 | 2132.7 |
        Depths |   8439 |   7995 |    444 |    341 |   5922 |   4 | 2109.8 |
          Hell |    634 |    586 |     48 |      0 |    400 |   1 |  634.0 |
       Gehenna |   2203 |   2113 |     90 |    217 |   1376 |   6 |  367.2 |
       Ossuary |    289 |    289 |      0 |      0 |    161 |   1 |  289.0 |
      Ice Cave |    715 |    715 |      0 |      0 |    495 |   1 |  715.0 |
       Volcano |   1790 |   1790 |      0 |    480 |    987 |   1 | 1790.0 |
    Desolation |   2096 |   2096 |      0 |      0 |   1712 |   1 | 2096.0 |
               +--------+--------+--------+--------+--------+-----+--------+

Top non-repeatable levels by time:
  Tomb:1: 3938 daAuts
 Crypt:3: 3517 daAuts
   Elf:3: 3005 daAuts
Vaults:3: 2972 daAuts
Vaults:2: 2764 daAuts
Depths:3: 2678 daAuts
   Elf:2: 2500 daAuts
Depths:2: 2394 daAuts
  Lair:5: 2279 daAuts
Vaults:1: 2239 daAuts
   Elf:1: 2172 daAuts
Vaults:5: 2157 daAuts
 Crypt:1: 2115 daAuts
Vaults:4: 2099 daAuts
Desolation: 2096 daAuts
